 Dungeon Crawl Stone Soup version 0.31-a0-920-g28cbb04a8c (webtiles) character file.

Game seed: 16512292416357221928

441071 Flugkiller the Wrestler (level 24, 0/265 HPs)
             Began as a Formicid Cinder Acolyte on Oct 17, 2023.
             Was the Champion of Wu Jian.
             Incinerated by a red very ugly thing (3 damage)
             ... on level 3 of the Depths.
             The game lasted 01:17:38 (42888 turns).

Flugkiller the Wrestler (Formicid Cinder Acolyte)  Turns: 42888, Time: 01:17:39

Health: 0/265      AC: 35    Str: 27    XL:     24   Next: 93%
Magic:  24/24      EV:  9    Int: 16    God:    Wu Jian [******]
Gold:   4383       SH: 32    Dex: 11    Spells: 23/25 levels left

rFire   + .          .
                       - Unarmed
rCold   + . .        c - +18 shield of the Gong {Loud rN+ Will+ rCorr EV-5}
rNeg    + + .        l - melded +0 plate armour {rC+}
rPois   ∞            (helmet unavailable)
rElec   +            u - +2 cloak of the Fiend {rC+}
rCorr   +            L - melded +1 pair of gloves
SInv    +            (boots currently unavailable)
Will    +++..        z - amulet of regeneration
Stlth   +            O - +5 ring of evasion
HPRegen 1.44/turn    p - ring of protection from fire
MPRegen 0.19/turn

%: no passive effects
@: mighty, on fire, statue-form, glowing, constricted, serpent's lash, very slow
A: slow and powerful, torment resistance 1, boosted hp, permanent stasis, dig
shafts and tunnels, antennae 3, four strong arms
}: 3/15 runes: serpentine, barnacled, abyssal
a: Dig, Shaft Self, Begin Untransformation, Renounce Religion, Wall Jump,
Serpent's Lash, Heavenly Storm


You were on level 3 of the Depths.
You worshipped Wu Jian.
Wu Jian was exalted by your worship.
You were a living statue of rough stone.
You visited 9 branches of the dungeon, and saw 41 of its levels.
You visited the Abyss 1 time.
You visited 1 bazaar.
You also visited: Sewer and Ice Cave.

You collected 6679 gold pieces.
You spent 2296 gold pieces at shops.

Inventory:

Missiles
 g - a throwing net
 M - a curare-tipped dart (quivered)
Armour
 c - the +18 shield of the Gong (worn) {Loud rN+ Will+ rCorr EV-5}
   (You took it off a deep elf high priest on level 3 of the Elven Halls)

   Loud:      It is deafeningly noisy when blocking attacks.
   EV-5:      It affects your evasion (-5).
   rN+:       It protects you from negative energy.
   Will+:     It increases your willpower.
   rCorr:     It protects you from acid and corrosion.
 l - a +0 plate armour of cold resistance (melded)
   (You found it on level 13 of the Dungeon)
 t - a +0 kite shield of protection
   (You took it off a naga warrior on level 1 of the Snake Pit)
 u - the +2 cloak of the Fiend (worn) {rC+}
   (You bought it in a shop on level 2 of the Snake Pit)

   rC+:       It protects you from cold.
 D - a +2 cloak of willpower
   (You took it off Maurice on level 8 of the Dungeon)
 L - a +1 pair of gloves (melded)
   (You found it on level 4 of the Lair of Beasts)
Jewellery
 m - a ring of willpower
   (You found it in an ice cave)
 p - a ring of protection from fire (right fist)
   (You found it on level 4 of the Lair of Beasts)
 s - the ring of the Camelopard {rC+ Will+ MP+9}
   (You took it off a deep elf demonologist on level 3 of the Elven Halls)

   [ring of protection from cold]

   rC+:       It protects you from cold.
   Will+:     It increases your willpower.
   MP+9:      It affects your magic capacity (+9).
 v - a +5 ring of evasion
   (You found it on level 10 of the Dungeon)
 z - an amulet of regeneration (around neck)
   (You found it on level 4 of the Dungeon)
 H - a +6 ring of strength
   (You found it on level 2 of the Depths)
 O - a +5 ring of evasion (left fist)
   (You bought it in a shop on level 4 of the Snake Pit)
 V - a +6 ring of strength
   (You took it off a deep elf demonologist on level 3 of the Elven Halls)
Talismans
 P - a granite talisman (active)
   (You found it on level 5 of the Lair of Beasts)
Wands
 h - a wand of mindburst (50)
   (You found it on level 5 of the Dungeon)
 B - a wand of digging (9)
   (You found it in an ice cave)
 C - a wand of charming (35)
   (You found it on level 4 of the Dungeon)
 F - a wand of light (21)
   (You found it on level 9 of the Dungeon)
 J - a wand of iceblast (38)
   (You found it on level 2 of the Lair of Beasts)
Scrolls
 b - 8 scrolls of vulnerability
 e - 7 scrolls of immolation
 f - 9 scrolls of fog
 k - 7 scrolls of fear
 o - 6 scrolls of revelation
 y - 2 scrolls of summoning
 K - 4 scrolls of enchant armour
 N - 4 scrolls of poison
 Q - 2 scrolls of silence
Potions
 a - 5 potions of lignification
 d - 7 potions of might
 i - 3 potions of magic
 j - 4 potions of mutation
 n - 3 potions of resistance
 q - 17 potions of curing
 w - 2 potions of heal wounds
 x - 8 potions of enlightenment
 A - 2 potions of ambrosia
 G - 5 potions of cancellation
 R - a potion of invisibility
 S - 4 potions of attraction
Miscellaneous
 E - a condenser vane
   (You found it on level 4 of the Shoals)
 I - a phial of floods
   (You found it on level 4 of the Shoals)
 T - a lightning rod (4/4)
   (You found it on level 3 of the Vaults)


   Skills:
 - Level 20.0 Fighting
 - Level 12.0 Maces & Flails
 - Level 11.0 Armour
 - Level 4.0 Dodging
 - Level 3.0 Stealth
 + Level 18.4 Shields
 * Level 23.0 Unarmed Combat
 - Level 1.1 Spellcasting
 - Level 3.0 Fire Magic
 - Level 12.0 Evocations
 * Level 19.9 Shapeshifting


You had 23 spell levels left.
You knew the following spells:

 Your Spells              Type           Power      Damage    Failure   Level
a - Scorch                Fire           20%        2d5       13%         2

Your spell library contained the following spells:

 Spells                   Type           Power      Damage    Failure   Level
 Kiss of Death            Conj/Necr      0%         2d5       28%         1
 Magic Dart               Conj           0%         1d3       28%         1
 Sandblast                Erth           0%         2d4       28%         1
 Shock                    Conj/Air       0%         1d3       28%         1
 Summon Small Mammal      Summ           0%         N/A       28%         1
 Call Imp                 Summ           0%         N/A       41%         2
 Ensorcelled Hibernation  Hex/Ice        0%         N/A       41%         2
 Jinxbite                 Hex            0%         N/A       41%         2
 Passwall                 Tmut/Erth      0%         N/A       41%         2
 Wereblood                Tmut           0%         N/A       41%         2
 Inner Flame              Hex/Fire       5%         N/A       43%         3
 Ignite Poison            Fire/Tmut/Pois 4%         N/A       50%         3
 Call Canine Familiar     Summ           0%         N/A       65%         3
 Dazzling Flash           Conj/Hex       0%         N/A       65%         3
 Frozen Ramparts          Ice            0%         1d1       65%         3
 Gell's Gravitas          Tloc           0%         N/A       65%         3
 Mephitic Cloud           Conj/Pois/Air  0%         N/A       65%         3
 Sigil of Binding         Hex            0%         N/A       65%         3
 Stone Arrow              Conj/Erth      0%         3d7       65%         3
 Teleport Other           Tloc           0%         N/A       65%         3
 Flame Wave               Conj/Fire      5%         2d5       83%         4
 Sticky Flame             Conj/Fire      5%         2d3       83%         4
 Anguish                  Hex/Necr       0%         N/A       96%         4
 Animate Armour           Summ/Erth      0%         N/A       96%         4
 Animate Dead             Necr           0%         N/A       96%         4
 Brom's Barrelling Bould  Conj/Erth      0%         2d3       96%         4
 Dimensional Bullseye     Hex/Tloc       0%         N/A       96%         4
 Iskenderun's Mystic Bla  Conj/Tloc      0%         2d3       96%         4
 Leda's Liquefaction      Hex/Erth       0%         N/A       96%         4
 Manifold Assault         Tloc           0%         N/A       96%         4
 Petrify                  Tmut/Erth      0%         N/A       96%         4
 Summon Ice Beast         Ice/Summ       0%         N/A       96%         4
 Agony                    Necr           0%         N/A       100%        5
 Arcjolt                  Conj/Air       0%         1d10      100%        5
 Borgnjor's Vile Clutch   Necr/Erth      0%         N/A       100%        5
 Irradiate                Conj/Tmut      0%         3d11      100%        5
 Iskenderun's Battlesphe  Conj           0%         2d6       100%        5
 Lee's Rapid Deconstruct  Erth           0%         3d4*      100%        5
 Metabolic Englaciation   Hex/Ice        0%         N/A       100%        5
 Silence                  Hex/Air        0%         N/A       100%        5
 Summon Forest            Summ/Tloc      0%         N/A       100%        5
 Summon Mana Viper        Hex/Summ       0%         N/A       100%        5
 Bombard                  Conj/Erth      0%         9d1       100%        6
 Death Channel            Necr           0%         N/A       100%        6
 Dispersal                Tloc           0%         N/A       100%        6
 Eringya's Noxious Bog    Tmut/Pois      0%         4d6       100%        6
 Simulacrum               Ice/Necr       0%         N/A       100%        6
 Summon Cactus Giant      Summ           0%         N/A       100%        6
 Ozocubu's Refrigeration  Ice            0%         4d7       100%        7
 Spellforged Servitor     Conj/Summ      0%         N/A       100%        7
 Summon Hydra             Summ           0%         N/A       100%        7
 Maxwell's Capacitive Co  Air            0%         ∞         100%        8
 Chain Lightning          Conj/Air       0%         N/A       100%        9
 Fire Storm               Conj/Fire      2%         8d1       100%        9
 Shatter                  Erth           0%         3d5*      100%        9
 Blink                    Tloc           Unusable   N/A       N/A         2
 Sublimation of Blood     Necr           Unusable   N/A       N/A         2
 Swiftness                Air            Unusable   N/A       N/A         3
 Vhi's Electric Charge    Tloc/Air       Unusable   N/A       N/A         4

Dungeon Overview and Level Annotations

Branches:
Dungeon (15/15) Zot: 25600  Temple (1/1) D:6 Zot: 5978    Lair (5/5) D:11 Zot: 23191
 Shoals (4/4) Lair:2 Zot: 19529   Snake (4/4) Lair:2 Zot: 18530   Slime (0/5) Lair:4
    Orc (2/2) D:12 Zot: 10070     Elf (3/3) Orc:2 Zot: 12501  Vaults (4/5) D:14 Zot: 16424
  Crypt (0/3) Vaults:2     Depths (3/4) D:15 Zot: 14692   Sewer (visited)
  IceCv (visited)

Altars:
Ashenzari
Cheibriados
Dithmenos
Elyvilon
Fedhas
Gozag
Hepliaklqana
Kikubaaqudgha
Makhleb
Nemelex Xobeh
Okawaru
Qazlal
Ru
Sif Muna
Trog
Uskayaw
Vehumet
Wu Jian
Xom
Yredelemnul
Zin
The Shining One
Jiyva

Shops:
D:1 [   D:11 (!   D:14 =[*   Orc:2 =([   Elf:1 ?(   Shoals:3 (   Snake:1 =
Snake:2 !(*[   Snake:4 *   Vaults:1 *[(=

Portals:
Hell: Depths:1 Depths:2
Pandemonium: Depths:2

Annotations:
D:7 2 transporters, Nico3ck's ghost, novice DsGl
D:9 4 transporters


Innate Abilities, Weirdness & Mutations

You are a living statue of rough stone.
Your actions are slow, but your melee attacks are powerful.
You are resistant to unholy torment.
Your maximum health is greatly increased.
Your equipment is partially melded.
You cannot be hasted, slowed, berserked, paralysed or teleported.
You can dig through walls and to a lower floor.
You are immune to poison.
You have a pair of large antennae on your head. (SInv)
Your four strong arms can wield two-handed weapons with a shield.


Message History

The tentacled monstrosity is heavily wounded.
The ice dragon seems to regain its courage.
The spark wasp zombie hits you!
* * * LOW HITPOINT WARNING * * *
The cyan very ugly thing stings you but does no damage.
You block the fire giant's attack.
BOUMMMMG!
The tengu reaver gestures at you while chanting.
The bolt of fire hits you! You resist.
* * * LOW HITPOINT WARNING * * *
The great orb of eyes gazes at you. You resist with almost no effort.
You block the vampire knight's attack.
PANG!
The vampire knight bites you but does no damage.
The spark wasp zombie hits you but does no damage.
The tentacled monstrosity tentacle-slaps you but does no damage.
The tentacled monstrosity tentacle-slaps you!
* * * LOW HITPOINT WARNING * * *
You block the tentacled monstrosity's attack.
SHROANNG!
The tentacled monstrosity constricts you.
You hear a horrible gurgling sound!
You hear a shout! x2
Unknown command.
Unknown command.
Your muscles tense, ready for explosive movement...
The tentacled monstrosity's grasp on you weakens, but your attempt to escape fails.
The deep troll earth mage seems to regain its courage.
The red ugly thing seems to regain its courage.
You block the cyan very ugly thing's attack.
BONNNG!
The spark wasp zombie barely misses you.
You block the fire giant's attack.
BOUMMMMG!
The great orb of eyes closely misses you.
You hear a loud "Zot"!
The tentacled monstrosity tentacle-slaps you but does no damage. x2
The tentacled monstrosity tentacle-slaps you.
* * * LOW HITPOINT WARNING * * *
The tentacled monstrosity constricts you.
* * * LOW HITPOINT WARNING * * *
The cyan very ugly thing stings you.
* * * LOW HITPOINT WARNING * * *
The cyan very ugly thing shocks you! You resist.
* * * LOW HITPOINT WARNING * * *
The spark wasp zombie barely misses you.
The tengu reaver hits you but does no damage.
Space warps around you.
* * * LOW HITPOINT WARNING * * *
You block the tengu reaver's attack.
GONNNNG!
The tengu reaver claws you but does no damage.
The vampire knight casts a spell at you.
The vampire knight blinks!
The great orb of eyes bites you but does no damage.
The fire giant hits you with a +0 great sword of flaming!
* * * LOW HITPOINT WARNING * * *
The fire giant burns you.
* * * LOW HITPOINT WARNING * * *
The red very ugly thing gores you but does no damage.
You hear a shout! x3
Unknown command.
Unknown command.
Okay, then.
Okay, then.
Okay, then.
Okay, then.
You feel very mighty all of a sudden.
The tentacled monstrosity tentacle-slaps you but does no damage. x2
The tentacled monstrosity barely misses you.
The tentacled monstrosity constricts you.
You block the spark wasp zombie's attack.
PTOANNNG!
The cyan very ugly thing stings you but does no damage.
You block the green very ugly thing's attack.
PANG!
You block the fire giant's attack.
GONNNNG!
You block the tengu reaver's attack.
SHROANNG!
The tengu reaver pecks you but does no damage.
The tengu reaver claws you but does no damage.
The rakshasa blinks!
The great orb of eyes gazes at you. You resist with almost no effort.
The red very ugly thing gores you!
* * * LOW HITPOINT WARNING * * *
You are covered in liquid flames.
You are covered in liquid flames!
The tentacled monstrosity tentacle-slaps you!
* * * LOW HITPOINT WARNING * * *
The tentacled monstrosity tentacle-slaps you but does no damage.
You block the tentacled monstrosity's attack.
GONNNNG!
The tentacled monstrosity constricts you.
The spark wasp zombie hits you but does no damage.
You hear a horrible gurgling sound!
You hear a shout!
Unknown command.
You barely miss the tentacled monstrosity.
The tentacled monstrosity is heavily wounded.
You are covered in liquid flames!
You die...

.....##. ###...
........#...#....Q
#.....#.....#,....
#Q.R..#.....#{....
..#*..D.......#y....
#....QX)..#.#....
#.T.#.#.#.#
#..)#†QXu†[.#
#.....#Z8uJ.#
#.....#GCuu.#
#.....#.V.>.#
#.#...#.....#.#
#..###.#u#.#..J# #..
......#.#.#.. .#
....#..,..#....
....#.. ..#....


You could see 2 tentacled monstrosities, 3 very ugly things, a fire giant, an
ice dragon, 2 tengu reavers, a vampire knight (invisible), a great orb of eyes,
2 ugly things, a rakshasa, a spark wasp, 2 slime creatures, a deep troll earth
mage, a tengu conjurer (fleeing), a battlesphere (distracted) and a spark wasp
zombie.

Vanquished Creatures
  2 caustic shrikes (Depths:2)
  Saint Roka (Orc:2)
  Margery (Vaults:4)
  A bone dragon (Abyss:3)
  Rupert (D:15)
  A titan (Depths:2)
  A walking divine tome (Depths:2)
  2 deep elf master archers (Elf:3)
  3 liches (Abyss:3)
  2 deep elf blademasters
  6 sphinxes
  Aizul (Snake:3)
  A storm dragon (Shoals:4)
  3 tengu reavers
  4 fire giants
  An iron dragon (Depths:2)
  6 nagarajas
  A curse skull (Vaults:2)
  15 vault wardens
  5 deep elf elementalists (Elf:3)
  An angel (Abyss:3)
  9 deep elf sorcerers
  5 frost giants
  3 orc warlords
  2 very ugly things (Depths:2)
  A draconian annihilator (Abyss:3)
  A war gargoyle (Vaults:3)
  5 stone giants
  19 ironbound preservers
  3 reapers (IceCv)
  A cacodemon (Depths:1)
  A formless jellyfish (Vaults:3)
  9 deep elf annihilators
  8 ironbound thunderhulks
  5 deep elf demonologists
  4 spark wasps (Depths:1)
  11 dire elephants
  Azrael (D:15)
  Snorg (D:10)
  3 blizzard demons
  An ettin (Depths:3)
  3 crystal guardians
  4 merfolk javelineers
  5 fire dragons
  6 deep elf death magi
  8 ice dragons
  2 entropy weavers (Vaults:2)
  7 great orbs of eyes
  15 merfolk impalers
  3 salamander tyrants (Snake:4)
  9 vault guards
  2 deep elf high priests (Elf:3)
  13 yaktaur captains
  4 peacekeepers
  3 spriggan air magi
  6 hydras
  2 rakshasas
  10 ironbound frosthearts
  A death knight (D:15)
  5 caustic shrike simulacra (IceCv)
  An ogre mage (Vaults:4)
  10 anacondas
  15 centaur warriors
  Erolcha (D:12)
  24 dancing weapons
  2 alligator snapping turtles
  2 merfolk aquamancers (Shoals:4)
  3 merfolk avatars
  10 two-headed ogres
  3 vampire magi
  An orc high priest (Orc:2)
  4 boulder beetles
  3 deep troll shamans
  3 deep troll earth magi
  12 naga warriors
  5 tengu warriors
  9 shock serpents
  12 naga sharpshooters
  5 thrashing horrors
  A soul eater (Depths:1)
  6 hell knights
  16 deep elf knights
  5 skysharks
  3 wretched stars (Abyss:3)
  A sun demon (Depths:1)
  A salamander mystic (Snake:4)
  2 goliath frogs (Lair:5)
  A flayed ghost (Depths:2)
  2 iron trolls
  5 arcanists
  12 sea snakes
  4 skeletal warriors
  44 deep trolls
  7 naga ritualists
  5 glowing orange brains
  22 ironbound convokers
  3 obsidian statues
  10 deep elf archers
  A shadow demon (Abyss:3)
  A bog body (IceCv)
  28 deep elf zephyrmancers
  3 occultists (Depths:3)
  10 lindwurms
  A spriggan simulacrum (IceCv)
  A phantasmal warrior (D:15)
  12 harpies
  2 necromancers
  18 mana vipers
  8 orc knights
  34 deep elf pyromancers
  An oklob plant (Shoals:1)
  6 salamanders
  6 orc sorcerers
  31 ugly things
  7 fauns
  12 manticores
  7 cyclopes
  Maurice (D:8)
  22 elephants
  A rust devil (Depths:1)
  A worldbinder (Abyss:2)
  3 guardian serpents
  7 water nymphs
  43 black mambas
  5 merfolk sirens
  A gargoyle (D:13)
  20 naga magi
  An orange demon (D:9)
  18 vault sentinels
  5 smoke demons
  23 cane toads
  2 efreet
  3 rime drakes
  7 komodo dragons
  7 freezing wraiths
  30 yaktaurs
  A tormentor (Depths:1)
  8 tengu conjurers
  A golden dragon simulacrum (IceCv)
  2 ice devils (Depths:1)
  A red devil (Depths:1)
  2 polar bears (shapeshifter)
  2 hornets
  2 tyrant leeches
  6 trolls
  30 merfolk
  6 polar bears
  2 hellwings
  An alligator simulacrum (IceCv)
  A tarantella (Vaults:2)
  14 wind drakes
  11 dream sheep
  A blink frog (shapeshifter) (D:12)
  29 blink frogs
  7 snapping turtles
  7 raiju
  A flying skull (Abyss:3)
  31 slime creatures
  3 shadows
  8 air elementals
  Sigmund (D:5)
  73 yaks
  A vampire (D:14)
  A jumping spider (Vaults:2)
  5 wraiths
  2 wyverns
  7 small abominations
  18 starcursed masses
  2 chaos spawn
  19 water elementals
  4 basilisks
  A steam dragon (D:7)
  Grum (D:8)
  21 fire elementals
  A neqoxec (Depths:1)
  17 vampire mosquitoes
  3 swamp worms (Lair:1)
  Edmund (D:5)
  40 nagas
  A hell hound (D:15)
  4 hydra simulacra (IceCv)
  5 large abominations (Abyss:3)
  12 water moccasins
  11 black bears
  33 orc warriors
  2 sky beasts (D:7)
  2 ettin simulacra (IceCv)
  An ogre (shapeshifter) (Vaults:4)
  28 wolves
  9 ogres
  11 centaurs
  4 kobold brigands
  16 bullfrogs
  A deep troll simulacrum (IceCv)
  5 earth elementals
  A gnoll sergeant (D:9)
  2 scorpions
  5 wights (D:5)
  4 killer bees (D:8)
  2 lindwurm simulacra (IceCv)
  2 howler monkeys
  5 electric eels
  A quasit (Abyss:2)
  A gnoll bouda (Orc:1)
  3 hounds
  3 jellies
  21 orc priests
  2 sleepcaps (D:6)
  An iron imp (Abyss:2)
  An iguana (D:6)
  24 orc wizards
  9 gnolls
  12 adders
  4 river rats
  2 shadow imps
  3 white imps
  2 ufetubi (D:6)
  11 worms
  2 dart slugs (D:1)
  94 orcs
  7 ball pythons
  10 endoplasms
  4 giant cockroaches
  6 goblins
  2 hobgoblins
  12 jackals
  25 kobolds
  5 quokkas
  10 bats
  4 frilled lizards
  6 rats
  A butterfly (Lair:1)
1773 creatures vanquished.

Vanquished Creatures (collateral kills)
  A deep elf blademaster (Elf:2)
  A balrug (Depths:1)
  A sun demon (Depths:1)
  A sixfirhy (Depths:1)
  Amaemon (D:9)
  A smoke demon (Depths:1)
  A tormentor (Depths:1)
  A blink frog (Lair:3)
  An orc priest (D:9)
9 creatures vanquished.

Vanquished Creatures (others)
  A fire giant (Vaults:3)
  An ironbound thunderhulk (Vaults:3)
  A deep elf knight (Elf:1)
  A harpy (Shoals:3)
  A deep elf pyromancer (Elf:1)
  2 deep elf zephyrmancers (Elf:2)
  2 orcs (Orc:2)
  2 kobolds (D:9)
11 creatures vanquished.

Grand Total: 1793 creatures vanquished

Notes
Turn   | Place    | Note
-------+----------+-------------------------------------------
     0 | D:1      | Flugkiller the Formicid Cinder Acolyte began the quest for
                  | the Orb.
     0 | D:1      | Reached XP level 1. HP: 18/18 MP: 2/2
   222 | D:1      | Reached XP level 2. HP: 24/24 MP: 3/3
   663 | D:1      | Found Zaell's Antique Armour Shop.
   787 | D:1      | Learned a level 2 spell: Scorch
   798 | D:2      | Reached XP level 3. HP: 19/29 MP: 1/4
   856 | D:2      | Reached skill level 1 in Stealth
  1094 | D:2      | Found a basalt altar of Yredelemnul.
  1808 | D:2      | Reached XP level 4. HP: 29/35 MP: 5/5
  2359 | D:3      | Reached XP level 5. HP: 10/43 MP: 2/6
  3065 | D:4      | Found a snail-covered altar of Cheibriados.
  3067 | D:4      | Found a bloodstained altar of Trog.
  3505 | D:4      | Reached skill level 1 in Evocations
  3761 | D:5      | Entered Level 5 of the Dungeon
  3825 | D:5      | Reached XP level 6. HP: 41/50 MP: 4/7
  3833 | D:5      | Noticed Sigmund
  3856 | D:5      | Killed Sigmund
  3857 | D:5      | Reached skill level 5 in Fighting
  3857 | D:5      | Reached skill level 5 in Maces & Flails
  3887 | D:5      | Reached XP level 7. HP: 56/56 MP: 3/8
  4180 | D:5      | Reached XP level 8. HP: 50/62 MP: 6/9
  4229 | D:5      | Found a glowing drain.
  4234 | Sewer    | Entered a sewer
  4869 | D:5      | Noticed Edmund
  4876 | D:5      | Killed Edmund
  5359 | D:5      | Found a shimmering blue altar of Sif Muna.
  5543 | D:6      | Found a staircase to the Ecumenical Temple.
  5745 | D:6      | Reached XP level 9. HP: 63/68 MP: 10/10
  6093 | D:6      | Reached skill level 10 in Maces & Flails
  6159 | D:6      | Found a burning altar of Makhleb.
  6160 | D:6      | Found a basalt altar of Yredelemnul.
  6160 | D:6      | Found a sparkling altar of Nemelex Xobeh.
  6160 | D:6      | Found a shadowy altar of Dithmenos.
  6160 | D:6      | Found a hide-covered altar of Uskayaw.
  6160 | D:6      | Found a white marble altar of Elyvilon.
  6161 | D:6      | Found an iron altar of Okawaru.
  6228 | D:7      | Noticed a hornet
  6342 | D:7      | Killed a hornet
  6352 | D:7      | Noticed a moth of wrath
  6357 | D:7      | Noticed Nico3ck's ghost (novice DsGl)
  6358 | D:7      | Found a bloodstained altar of Trog.
  6947 | D:7      | Found a transporter.
  6952 | D:7      | Found a transporter.
  6955 | D:7      | Noticed a two-headed ogre
  7122 | D:8      | Found a blossoming altar of Fedhas.
  7216 | D:8      | Noticed Grum
  7242 | D:8      | Killed Grum
  7257 | D:8      | Reached XP level 10. HP: 28/74 MP: 11/11
  7259 | D:8      | Reached skill level 1 in Armour
  7587 | D:8      | Noticed Maurice
  7599 | D:8      | Maurice stole 2 curare-tipped darts
  7613 | D:8      | Maurice stole a +0 giant spiked club
  7618 | D:8      | Something stole 607 gold
  7723 | D:8      | Killed Maurice
  7768 | D:8      | Identified the +2 robe of the Raven {Str+4}
  8044 | D:9      | Reached skill level 5 in Armour
  8314 | D:9      | Noticed an orange demon
  8314 | D:9      | Noticed Amaemon
  8345 | D:9      | Killed Amaemon
  8346 | D:9      | Reached skill level 1 in Dodging
  8410 | D:9      | Reached XP level 11. HP: 78/86 MP: 12/12
  8414 | D:9      | Reached skill level 5 in Evocations
  8499 | D:9      | Reached skill level 1 in Shields
  8658 | D:9      | Found a transporter.
  8658 | D:9      | Found a transporter.
  8696 | D:9      | Found a transporter.
  8750 | D:9      | Found a transporter.
  9109 | D:10     | Entered Level 10 of the Dungeon
  9482 | D:10     | Noticed Snorg
  9496 | D:10     | Killed Snorg
  9532 | D:10     | Reached skill level 5 in Shields
  9867 | D:11     | Noticed a two-headed ogre
  9939 | D:11     | Noticed a cyan ugly thing
  9977 | D:10     | Killed a cyan ugly thing
 10009 | D:11     | Noticed Psyche
 10010 | D:11     | Psyche changed into Psyche the water moccasin
 10010 | D:11     | Noticed Psyche
 10017 | D:11     | Killed Psyche the water moccasin
 10070 | D:11     | Killed a two-headed ogre
 10094 | D:11     | Noticed a red ugly thing
 10117 | D:11     | Killed a red ugly thing
 10239 | D:11     | Reached XP level 12. HP: 92/92 MP: 13/13
 10254 | D:11     | Reached skill level 10 in Shields
 10309 | D:11     | Found Arenaeh's Distillery.
 10314 | D:11     | Bought a potion of might for 52 gold pieces
 10314 | D:11     | Bought a potion of curing for 39 gold pieces
 10314 | D:11     | Bought a potion of brilliance for 52 gold pieces
 10425 | D:11     | Found Cahad's Weapon Shop.
 10609 | D:11     | Found a staircase to the Lair.
 10978 | Temple   | Entered the Ecumenical Temple
 10989 | Temple   | Fell from the grace of Ignis
 10989 | Temple   | Became a worshipper of the Wu Jian Council
 11186 | Lair:1   | Entered Level 1 of the Lair of Beasts
 11549 | Lair:1   | Reached * piety under Wu Jian
 12419 | Lair:1   | Identified the amulet "Coorphas" {Reflect rC+ rCorr Dex-4
                  | SH+5}
 12480 | Lair:1   | Reached skill level 10 in Fighting
 12794 | Lair:2   | Reached XP level 13. HP: 98/103 MP: 14/14
 12799 | Lair:2   | Reached ** piety under Wu Jian
 13119 | Lair:2   | Noticed a seven-headed hydra
 13133 | Lair:2   | Killed a seven-headed hydra
 13453 | Lair:2   | Found a staircase to the Shoals.
 13747 | Lair:2   | Found a staircase to the Snake Pit.
 14808 | Lair:3   | Reached *** piety under Wu Jian
 15222 | Lair:3   | Was forgiven by Ignis
 15382 | Lair:4   | Found a viscous altar of Jiyva.
 15383 | Lair:4   | Found a staircase to the Slime Pits.
 15729 | Lair:4   | Reached skill level 10 in Evocations
 15739 | Lair:4   | Reached XP level 14. HP: 96/113 MP: 15/15
 15948 | Lair:5   | Entered Level 5 of the Lair of Beasts
 16549 | Lair:5   | Reached skill level 10 in Armour
 16885 | Lair:5   | Reached **** piety under Wu Jian
 16958 | Lair:4   | Reached skill level 15 in Shields
 17361 | Lair:5   | Found a shimmering altar of Xom.
 17416 | Lair:5   | Reached XP level 15. HP: 123/123 MP: 16/16
 17650 | Lair:5   | Reached ***** piety under Wu Jian
 18037 | D:12     | Noticed Erolcha
 18039 | D:12     | Killed Erolcha
 18053 | D:12     | Reached skill level 1 in Shapeshifting
 18448 | D:12     | Found a staircase to the Orcish Mines.
 18907 | D:13     | Reached skill level 5 in Shapeshifting
 19428 | D:14     | Found Kamiatyc's Jewellery Emporium.
 19458 | D:14     | Found Udenuwk's Armour Shoppe.
 19460 | D:14     | Found Osiciok's General Store.
 19632 | D:14     | Found a gate to the Vaults.
 20158 | D:15     | Entered Level 15 of the Dungeon
 20171 | D:15     | Found the +4 Cigotuvi's embrace {Corpsefed rMiasma Drain
                  | rN+}
 20184 | D:15     | Reached XP level 16. HP: 116/133 MP: 17/17
 20377 | D:15     | Reached skill level 10 in Shapeshifting
 20414 | D:15     | Found a staircase to the Depths.
 20468 | D:15     | Identified the +6 scale mail of the Will of the Gods {rF++
                  | rC- Int+3}
 20530 | D:15     | Found a broken altar of Ashenzari.
 20731 | D:15     | Noticed Azrael
 20733 | D:15     | Noticed Rupert
 20756 | D:15     | Killed Azrael
 20857 | D:15     | Killed Rupert
 21193 | Orc:1    | Entered Level 1 of the Orcish Mines
 21233 | Orc:2    | Entered Level 2 of the Orcish Mines
 21358 | Orc:2    | Found Koloacw's Armour Boutique.
 21556 | Orc:2    | Reached ****** piety under Wu Jian
 21727 | Orc:2    | Found Meloisops's Jewellery Shoppe.
 21921 | Orc:2    | Found Pyr Cili's Antique Weapon Shoppe.
 21922 | Orc:2    | Noticed Saint Roka
 21952 | Orc:2    | Killed Saint Roka
 21973 | Orc:2    | Found Bofyrol's Antique Armour Emporium.
 22263 | Orc:2    | Found a staircase to the Elven Halls.
 22894 | Snake:1  | Entered Level 1 of the Snake Pit
 23324 | Snake:1  | Found Xeun's Jewellery Emporium.
 23512 | Snake:1  | Reached XP level 17. HP: 114/139 MP: 18/18
 23835 | Snake:1  | Reached skill level 15 in Shapeshifting
 24459 | Snake:2  | Reached skill level 1 in Unarmed Combat
 24599 | Snake:2  | Found Comninu Lazi's Antique Armour Emporium.
 24602 | Snake:2  | Found Hisker's Assorted Antiques.
 24602 | Snake:2  | Found Ynaunod's Antique Weapon Shoppe.
 24607 | Snake:2  | Bought a fine cloak for 342 gold pieces
 24607 | Snake:2  | Identified the +2 cloak of the Fiend {rC+} (You bought it
                  | in a shop on level 2 of the Snake Pit)
 24608 | Snake:2  | Found Esul's Distillery.
 24616 | Snake:2  | Bought a scroll labelled SAAFIP CEGIEFF for 20 gold pieces
 24636 | Snake:2  | Reached skill level 2 in Unarmed Combat
 24639 | Snake:2  | Bought an ivory demon whip for 400 gold pieces
 24639 | Snake:2  | Identified the +8 demon whip of Yredelemnul's Whim {freeze,
                  | Str+5 Int+4} (You bought it in a shop on level 2 of the
                  | Snake Pit)
 24655 | Snake:2  | Bought a potion of heal wounds for 75 gold pieces
 24655 | Snake:2  | Bought a potion of might for 60 gold pieces
 24655 | Snake:2  | Bought a potion of might for 60 gold pieces
 24655 | Snake:2  | Bought a potion of might for 60 gold pieces
 24803 | Snake:2  | Reached skill level 3 in Unarmed Combat
 25507 | Snake:3  | Reached skill level 4 in Unarmed Combat
 25588 | Snake:3  | Reached skill level 5 in Unarmed Combat
 25592 | Snake:3  | Reached skill level 15 in Fighting
 25703 | Snake:3  | Reached skill level 6 in Unarmed Combat
 25721 | Snake:3  | Reached XP level 18. HP: 139/149 MP: 19/19
 25725 | Snake:3  | Reached skill level 7 in Unarmed Combat
 25893 | Snake:3  | Noticed Aizul
 25908 | Snake:3  | Killed Aizul
 26196 | Snake:4  | Entered Level 4 of the Snake Pit
 26200 | Snake:4  | Reached skill level 8 in Unarmed Combat
 26254 | Snake:4  | Reached skill level 9 in Unarmed Combat
 26289 | Snake:4  | Reached skill level 10 in Unarmed Combat
 26551 | Snake:4  | Found Iquome's General Store.
 26560 | Snake:4  | Bought a scroll of fear for 72 gold pieces
 26668 | Snake:4  | Bought a +5 ring of evasion for 648 gold pieces
 26792 | Snake:4  | Reached skill level 11 in Unarmed Combat
 26811 | Snake:4  | Got a serpentine rune of Zot
 26984 | Shoals:1 | Entered Level 1 of the Shoals
 27174 | Shoals:1 | Reached skill level 12 in Unarmed Combat
 27488 | Shoals:1 | Found a shimmering altar of Xom.
 27744 | Shoals:2 | Reached skill level 13 in Unarmed Combat
 27786 | Shoals:2 | Reached XP level 19. HP: 155/155 MP: 20/20
 28530 | Shoals:3 | Identified the +2 morningstar of the Sage {elec, rElec}
 28642 | Shoals:3 | Found Woobruxaf's Weapon Shoppe.
 28878 | Shoals:4 | Identified the "Guuskyus"
 28878 | Shoals:4 | Entered Level 4 of the Shoals
 28878 | Shoals:4 | Found a stormy altar of Qazlal.
 29003 | Shoals:4 | Reached skill level 14 in Unarmed Combat
 29465 | Shoals:4 | Got a barnacled rune of Zot
 29470 | Shoals:4 | Identified the +1 chain mail "Laiqog" {rElec rN+ Str+3
                  | Dex-5 Slay+3}
 29847 | Crypt:3  | Identified the of Vauhixt
 29847 | Crypt:3  | Identified the of Avogguk
 29847 | Depths:2 | Identified the of Ogaxtil
 29847 | Depths:2 | Identified the of Seruet
 29847 | Depths:2 | Identified the of Ylawy
 29847 | Depths:2 | Identified the "Waholush"
 29847 | Depths:2 | Identified the "Tuyg"
 29847 | Depths:4 | Identified the "Zyqastro"
 29847 | Elf:1    | Identified the of Xiluggypt
 29847 | Elf:1    | Entered Level 1 of the Elven Halls
 30477 | Elf:1    | Reached skill level 15 in Unarmed Combat
 30656 | Elf:1    | Found a shimmering blue altar of Sif Muna.
 30670 | Elf:1    | Found an ancient bone altar of Kikubaaqudgha.
 30988 | Elf:1    | Found Tuseg's Firing Range.
 31028 | Elf:1    | Found a transporter.
 31028 | Elf:1    | Found Lema's Magic Scroll Shoppe.
 31065 | Elf:1    | Found a transporter.
 31206 | Elf:1    | Bought a scroll of enchant armour for 150 gold pieces
 31206 | Elf:1    | Bought a scroll of fog for 80 gold pieces
 31210 | Elf:1    | Bought a scroll of revelation for 150 gold pieces
 31398 | Elf:2    | Reached XP level 20. HP: 168/168 MP: 21/21
 31704 | Elf:2    | Found a runed translucent gate.
 31705 | Elf:2    | Found a runed translucent gate.
 31705 | Elf:2    | Found a runed translucent gate.
 32179 | Elf:3    | Identified the "Kipraqosyg"
 32179 | Elf:3    | Identified the of Gouwe
 32179 | Elf:3    | Identified the "Enwison"
 32179 | IceCv    | Identified the "Vyfoud"
 32179 | Elf:3    | Entered Level 3 of the Elven Halls
 32222 | Elf:3    | Found a frozen archway.
 32229 | Elf:3    | Reached skill level 16 in Unarmed Combat
 32233 | IceCv    | Entered an ice cave
 32769 | Elf:2    | Found a shimmering blue altar of Sif Muna.
 33508 | Elf:2    | Reached skill level 17 in Unarmed Combat
 33787 | Elf:3    | Identified the ring of the Camelopard {rC+ Will+ MP+9}
 33846 | Elf:3    | Reached XP level 21. HP: 169/180 MP: 22/22
 33930 | Abyss:2  | Cast into level 2 of the Abyss (a deep elf sorcerer)
 34069 | Abyss:3  | Noticed a bone dragon
 34078 | Abyss:3  | Killed a bone dragon
 34305 | Abyss:3  | Got an abyssal rune of Zot
 34467 | Abyss:3  | Reached skill level 18 in Unarmed Combat
 34475 | Elf:3    | Escaped the Abyss
 34710 | Elf:3    | Identified the +2 ring mail of the Moneychanger {*Corrode
                  | rF+++ Dex+2 SInv}
 34710 | Elf:3    | Identified the ring "Xubiguidgh" {rPois rC+}
 34721 | Elf:3    | Identified the +6 halberd of Tomorrow {heavy, *Noise rN+
                  | Str+4}
 34734 | Elf:3    | Reached skill level 19 in Unarmed Combat
 34785 | Elf:3    | Identified the staff "Dippuo" {rF+ Str+4 Earth}
 34792 | Elf:3    | Identified a scroll of acquirement
 34815 | Elf:3    | Acquired 966 gold pieces
 35284 | Vaults:1 | Entered Level 1 of the Vaults
 35313 | Vaults:1 | Found Kiojat's Armour Boutique.
 35509 | Vaults:1 | Reached XP level 22. HP: 188/188 MP: 23/23
 35512 | Vaults:1 | Reached skill level 20 in Unarmed Combat
 35936 | Vaults:1 | Found Wommuras's Jewellery Boutique.
 35999 | Vaults:1 | Found Xinuhes's Assorted Antiques.
 36342 | Vaults:1 | Found Ocwaq's Weapon Shoppe.
 36571 | Vaults:2 | Found a flickering gateway to a bazaar.
 36580 | Bazaar   | Entered a bazaar
 36580 | Bazaar   | Found Ynapotee's General Store.
 36580 | Bazaar   | Found Hetuhih's Jewellery Emporium.
 36609 | Bazaar   | Found Otis's Antique Armour Shoppe.
 36613 | Bazaar   | Found Uteppev's Antique Weapon Shoppe.
 36628 | Bazaar   | Found Pamo's Magic Scroll Boutique.
 36636 | Bazaar   | Bought a scroll of immolation for 36 gold pieces
 37400 | Vaults:2 | Found a staircase to the Crypt.
 38236 | Vaults:3 | Reached XP level 23. HP: 196/196 MP: 24/24
 38246 | Vaults:3 | Reached skill level 21 in Unarmed Combat
 38990 | Vaults:3 | Identified the +0 robe "Ubras" {Str+3}
 39356 | Vaults:4 | Noticed Margery
 39367 | Vaults:4 | Killed Margery
 39708 | Vaults:4 | Reached skill level 22 in Unarmed Combat
 39890 | Vaults:4 | Reached XP level 24. HP: 204/204 MP: 24/24
 40599 | Depths:1 | Entered Level 1 of the Depths
 40910 | Depths:1 | Found a gateway to Hell.
 41493 | Depths:2 | Noticed a caustic shrike
 41503 | Depths:2 | Noticed a caustic shrike
 41514 | Depths:2 | Killed a caustic shrike
 41590 | Depths:2 | Killed a caustic shrike
 41749 | Depths:2 | Identified the +2 robe of the Dwarven Hall {Fly Will+}
 41899 | Depths:2 | Found a one-way gate leading to the halls of Pandemonium.
 42790 | Depths:2 | Reached skill level 23 in Unarmed Combat
 42887 | Depths:3 | HP: 3/265 [tentacled monstrosity (14)]
 42888 | Depths:3 | Incinerated by a red very ugly thing

Illustrated notes

Levels and vault maps discovered:
D:1:      lightli_arrival_quake, layout_loops_cross, serial_shops, shop,
          hangedman_decor_points
D:2:      layout_loops_corners, basic_altar
D:3:      layout_rooms, minmay_door_square
D:4:      layout_loops_ring, jmf_multi_god_temple, minmay_diced_spiral
D:5:      layout_loops_ring, kennysheep_orc_sif_temple,
          lightli_sewer_entry_pipes, uniq_edmund, uniq_sigmund
D:6:      layout_loops_cross, grunt_temple_overflow_open,
          minmay_temple_entry_junction, amcnicky_mini_corridor_feature,
          minmay_small_thing
D:7:      layout_basic, gammafunk_ghost_wrathful_warriors
D:8:      layout_loops_ring, nicolae_overflow_hidden_temple, minivault_23,
          uniq_grum, uniq_maurice
D:9:      layout_irregular_city, serial_bayou, serial_bayou_lake_a,
          serial_bayou_pond_e, serial_bayou_pond_b, serial_bayou_lagoon_a,
          hangedman_abyss_or_decor_jellyfish_corner, nicolae_diode_quadrants,
          uniq_amaemon
D:10:     layout_irregular_city, uniq_snorg
D:11:     layout_irregular_city, david_lair_shrubbed, serial_shops,
          nicolae_shop_pleasant_corner_grove, nicolae_shop_hallway_stairs,
          uniq_psyche
D:12:     layout_rooms, orc_0_dummy, uniq_erolcha
D:13:     layout_long_grid, hangedman_decor_growths
D:14:     layout_big_octagon, lightli_vaults_fourway_checkpoint,
          nicolae_wooded_promenade
D:15:     grunt_enter_depths_hoard, layout_small_grid, lemuel_tele_altar,
          uniq_rupert, uniq_azrael
Temple:   nicolae_temple_bog_church
Lair:1:   beast_lair_carwin_large_3, layout_cave_pods, worms_lemuel,
          lemuel_fruit_fields
Lair:2:   layout_regular_city, minmay_shoals_entry_hut,
          minmay_snake_entry_guardpost_medium, minmay_holes,
          cheibrodos_lair_reptile_den
Lair:3:   layout_long_grid, nicolae_quartered_pool_super, serial_bayou_shore_a,
          grunt_megastairs_2
Lair:4:   layout_loops_ring, slime_entry_1
Lair:5:   minmay_lair_end_frog_pond, layout_regular_city, basic_altar,
          lemuel_fruit_tree
Shoals:1: layout_shoals, lemuel_oklob_altar
Shoals:2: layout_shoals, nicolae_shoals_wave_tunnel
Shoals:3: layout_shoals, serial_shops, shop, nicolae_shoals_shepherds
Shoals:4: shoals_end_hellmonk_storm_palace [storm_palace_center_square,
          storm_palace_corner_grid, storm_palace_corner_grid,
          storm_palace_corner_grid, storm_palace_corner_altar]
Snake:1:  layout_layer_cave, serial_shops, shop, nicolae_snake_shapes
Snake:2:  layout_chambers, drop_trap, beargit_elvish_explorers,
          minmay_shoptagon, grunt_megastairs_3
Snake:3:  minmay_snake_river, layout_onion, grunt_megastairs_4, uniq_aizul
Snake:4:  minmay_snake_end_coiled, layout_misc_corridors, serial_shops,
          nicolae_lakefront_shop
Orc:1:    layout_diamond_mine
Orc:2:    grunt_orc_community_town_hall, layout_caves,
          grunt_orc_community_big_house_2, grunt_orc_community_big_house_1,
          grunt_orc_community_house_1, grunt_orc_community_house_1,
          grunt_orc_community_house_1, grunt_orc_community_house_3,
          grunt_orc_community_house_1, grunt_orc_community_house_2, basic_altar
Elf:1:    elf_arrival_002, layout_gridlike, basic_altar, serial_shops,
          nicolae_shop_drivethru, minmay_elf_demonology, minivault_24,
          hangedman_glass_teeth, lemuel_statue_altar, nicolae_shop_firing_range
Elf:2:    nicolae_elf_blades_crystal_corner, layout_loops_corners,
          wad_floor_pattern_untrapped, hangedman_elf_represent,
          lemuel_upstairs_altar
Elf:3:    grunt_elf_hall_asides, layout_rooms, portal_ice_cave_entry_pillars_1,
          minmay_misc_feat_alley
Vaults:1: v_pattern_5, v_misc_26, v_misc_14, v_misc_4,
          vaults_standard_mumra_enter_the_diamond,
          nicolae_vaults_network_periphery, nicolae_vaults_storage_room_water,
          nicolae_vaults_surprise_closet_hard, ontoclasm_vaults_hangar,
          vaults_mumra_hexcomb, layout_vaults_omnigrid, serial_shops,
          nicolae_shop_back_alley_shop, shop,
          nicolae_shop_temple_entry_statues_fountains, shop
Vaults:2: vaults_dpeg_diagonal, v_rooms_5, ontoclasm_vaults_misaligned,
          st_cells, vaults_room_large_hall, hangedman_vaults_corner_blocks,
          nicolae_vaults_closet_pinwheel_1, nicolae_vaults_two_Ls,
          minmay_crypt_entry_simple_walls, vaults_room_semicircle,
          nicolae_vaults_little_squares_3, nicolae_vaults_closet_pinwheel_4,
          ontoclasm_vaults_chip, layout_vaults_chaotic_city, serial_shops,
          bzr_in_the_mist
Vaults:3: vaults_dpeg_hooks, nicolae_vaults_layer_cake_slice,
          ontoclasm_vaults_twist, nicolae_vaults_alarming,
          ontoclasm_vaults_shuriken, nicolae_vaults_minivaults,
          nicolae_vaults_little_squares_5, nicolae_vaults_stairing_the_circle,
          nicolae_vaults_puzzle_piece, v_pattern_4, dpeg_vaults_monster_row,
          v_misc_9, nicolae_vaults_diagonal_hallway_7,
          nicolae_vaults_lightning_bolt, layout_vaults_omnibox
Vaults:4: v_rooms_5, v_misc_25, vaults_room_door_hall,
          nicolae_vaults_twisting_passages, nicolae_vaults_little_squares_3,
          v_misc_19, nicolae_vaults_mitosis, nicolae_vaults_storage_room_doors,
          nicolae_vaults_closet_pinwheel_2, nicolae_vaults_little_squares_6,
          nicolae_vaults_prndl, vaults_mumra_hex, layout_vaults_ring,
          uniq_margery
Depths:1: layout_roguey, grunt_hell_entry_demonic_statue,
          nicolae_twisty_statue_hallways, serial_bayou_shore_b
Depths:2: minmay_shrinking_squares, layout_basic, pan_entry, hell_entry,
          serial_sigils_hangedman_shear, kb_rosetta, infiniplex_staircase_spiral
Depths:3: hangedman_pleasuredromes, abyss_entry, hell_entry

Skill      XL: |  1  2  3  4  5  6  7  8  9 10 11 12 13 14 15 16 17 18 19 20 21 22 23 24 |
---------------+-------------------------------------------------------------------------+-----
Maces & Flails | 4 5 6 9 12 | 12.0
Stealth        | 2 3 |  3.0
Fighting       | 4 5 8 10 11 13 14 15 17 19 20 | 20.0
Evocations     | 1 2 3 4 6 8 10 11 12 | 12.0
Armour         | 5 7 9 11 | 11.0
Dodging        | 2 4 |  4.0
Shields        | 9 12 13 15 16 17 18 | 18.4
Shapeshifting  | 9 14 16 17 18 19 | 19.9
Unarmed Combat | 6 13 15 17 19 20 22 23 | 23.0
Spellcasting   | |  1.1
Fire Magic     | |  3.0

Action                     |  1- 3 |  4- 6 |  7- 9 | 10-12 | 13-15 | 16-18 | 19-21 | 22-24 || total
---------------------------+-------+-------+-------+-------+-------+-------+-------+-------++-------
  Melee: Mace              |    80 |    38 |       |       |       |       |       |       ||   118
         Punch             |     1 |     1 |     4 |     2 |       |       |       |       ||     8
         Demon whip        |       |    40 |   292 |   712 |  1352 |  1668 |   893 |       ||  4957
         Unarmed           |       |       |       |     1 |       |       |   470 |  1202 ||  1673
  Throw: Dart              |       |       |     5 |     4 |       |       |       |       ||     9
   Cast: Scorch            |     6 |    34 |     4 |       |       |       |       |       ||    44
 Invoke: Fiery Armour      |       |     1 |     2 |       |       |       |       |       ||     3
         Serpent's Lash    |       |       |       |       |     7 |    13 |    22 |    12 ||    54
         Heavenly Storm    |       |       |       |       |       |     2 |     3 |     1 ||     6
Ability: Lunge             |       |       |       |     9 |    48 |    98 |   120 |    65 ||   340
         Whirlwind         |       |       |       |     3 |    33 |   245 |   235 |   345 ||   861
         Dig               |       |       |       |       |     1 |       |       |       ||     1
  Evoke: Wand              |       |       |     7 |    18 |     2 |     3 |     3 |       ||    33
         Phial of floods   |       |       |       |       |       |       |     1 |       ||     1
         Condenser vane    |       |       |       |       |       |       |       |     1 ||     1
    Use: Scroll            |     3 |     1 |     7 |     7 |    10 |     1 |     5 |     6 ||    40
         Potion            |       |       |     1 |       |       |     2 |     1 |     6 ||    10
   Stab: Sleeping          |       |       |     1 |       |       |     8 |     2 |     1 ||    12
         Invisible         |       |       |       |     4 |       |       |       |       ||     4
         Distracted        |       |       |       |       |       |       |     1 |       ||     1
 Armour: Robe              |    36 |    25 |       |       |       |       |       |       ||    61
         Ring mail         |       |    28 |   112 |       |       |       |       |       ||   140
         Plate armour      |       |       |    51 |   327 |   533 |   191 |       |       ||  1102
         Skin              |       |       |       |    21 |       |   503 |   662 |   678 ||  1864
  Dodge: Dodged            |    50 |    38 |   121 |   185 |   371 |   766 |   850 |   380 ||  2761
  Block: Kite shield       |       |       |       |   120 |   650 |   860 |   695 |  1533 ||  3858
   Form: Statue            |       |       |       |       |       |     2 |     1 |       ||     3
                           |       |       |       |       |       |     1 |       |       ||     1
         Blade             |       |       |       |       |       |       |     1 |       ||     1

Table legend: (Time is in decaauts)
 A = Elapsed time spent in this place.
 B = Non-inter-level travel time spent in this place.
 C = Inter-level travel time spent in this place.
 D = Time resting spent in this place.
 E = Time spent auto-exploring this place.
 F = Levels seen in this place.
 G = Mean time per level.
                   A        B        C        D        E       F      G
               +--------+--------+--------+--------+--------+-----+--------+
         Total |  51098 |  46342 |   4756 |   5121 |  27931 |  46 | 1110.8 |
       Dungeon |  13821 |  12405 |   1416 |   1619 |   7444 |  15 |  921.4 |
        Temple |     21 |      3 |     18 |      0 |      0 |   1 |   21.0 |
          Lair |   6808 |   6290 |    518 |   1178 |   3365 |   5 | 1361.6 |
        Shoals |   4471 |   4001 |    470 |    507 |   2271 |   4 | 1117.8 |
     Snake Pit |   5469 |   5095 |    374 |    493 |   3158 |   4 | 1367.2 |
  Orcish Mines |   1929 |   1363 |    566 |     44 |    881 |   2 |  964.5 |
   Elven Halls |   5497 |   4785 |    712 |    496 |   2898 |   3 | 1832.3 |
        Vaults |   7575 |   7066 |    509 |    408 |   5074 |   4 | 1893.8 |
        Depths |   3308 |   3140 |    168 |    198 |   2208 |   3 | 1102.7 |
         Abyss |    772 |    772 |      0 |     17 |    141 |   2 |  386.0 |
        Bazaar |     91 |     91 |      0 |      0 |      3 |   1 |   91.0 |
         Sewer |    718 |    718 |      0 |     41 |    455 |   1 |  718.0 |
      Ice Cave |    614 |    614 |      0 |    117 |     30 |   1 |  614.0 |
               +--------+--------+--------+--------+--------+-----+--------+

Top non-repeatable levels by time:
   Elf:2: 2479 daAuts
Vaults:2: 2278 daAuts
 Snake:2: 2102 daAuts
Depths:2: 1908 daAuts
Vaults:1: 1835 daAuts
Vaults:3: 1737 daAuts
Vaults:4: 1724 daAuts
  Lair:2: 1581 daAuts
   Elf:1: 1542 daAuts
   Orc:2: 1507 daAuts
  Lair:1: 1498 daAuts
   Elf:3: 1475 daAuts
Depths:1: 1341 daAuts
Shoals:4: 1311 daAuts
 Snake:1: 1311 daAuts
